 Dungeon Crawl Stone Soup version 0.31-a0-4-gefa6de2278 (webtiles) character file.

Game seed: 10882576941780379045

1571 dracfodder the Cudgeller (level 8, 0/61 HPs)
             Began as a Demonspawn Berserker on May 3, 2023.
             Was an Elder of Trog.
             Killed by divine providence
             ... invoked by an orc priest
              (12 damage)
             ... on level 6 of the Dungeon.
             The game lasted 00:15:32 (4518 turns).

dracfodder the Cudgeller (Demonspawn Berserker)     Turns: 4518, Time: 00:15:33

Health: 0/61       AC: 15    Str: 19    XL:     8   Next: 59%
Magic:  8/8        EV:  8    Int: 10    God:    Trog [****..]
Gold:   250        SH:  0    Dex: 12    Spells: 7/7 levels left

rFire   . . .        e - +9 flail of World's End {flame, rC+}
rCold   + . .        (no shield)
rNeg    . . .        g - +0 chain mail
rPois   .            (helmet unavailable)
rElec   .            (no cloak)
rCorr   .            (no gloves)
SInv    .            (no boots)
Will    .....        (no amulet) Stlth
                     (no ring)
HPRegen 0.30/turn    (no ring)
MPRegen 0.11/turn

%: no passive effects
@: sanguine armoured
A: horns 3, powered by pain 1, sanguine armour 1, condensation shield
a: Renounce Religion, Berserk, Trog's Hand, Brothers in Arms


You were on level 6 of the Dungeon.
You worshipped Trog.
Trog was greatly pleased with you.
You visited 1 branch of the dungeon, and saw 6 of its levels.

You collected 250 gold pieces.

Inventory:

Hand Weapons
 a - a +3 long sword
 b - a +1 sling
 e - the +9 flail of World's End (weapon) {flame, rC+}
   (You found it on level 2 of the Dungeon)

   rC:        It protects you from cold.
Armour
 g - a +0 chain mail (worn)
Jewellery
 c - a ring of fire
Wands
 j - a wand of mindburst (11) (quivered)
Scrolls
 h - 2 scrolls of fog
 l - a scroll of teleportation
Potions
 d - a potion of might {unknown}
 f - 3 potions of heal wounds
 i - 3 potions of curing {unknown}
 k - 2 potions of lignification {unknown}
 m - a potion of haste {unknown}
 n - a potion of berserk rage {unknown}


   Skills:
 + Level 4.7 Fighting
 + Level 4.8 Long Blades
 + Level 6.5 Maces & Flails
 + Level 0.2 Ranged Weapons
 + Level 4.7 Armour
 + Level 2.3 Dodging
 + Level 0.6 Stealth
 + Level 1.1 Shields
 + Level 0.1 Evocations


You had 7 spell levels left.
You didn't know any spells.
Your spell library was empty.

Dungeon Overview and Level Annotations

Branches:
Dungeon (6/15)             Temple (0/1) D:4

Altars:
Fedhas
Kikubaaqudgha
Qazlal
Sif Muna
Uskayaw

Shops:
D:1 ((

Annotations:
D:5 2 transporters, bchevrier's ghost, novice GnWn


Innate Abilities, Weirdness & Mutations

You have a pair of large horns on your head.
You sometimes gain a little power by taking damage.
When seriously injured, your blood forms armour. (AC +6)
A meltable shield of frost defends you. (SH +0)


Message History

The ball of steam hits you!
Your condensation shield dissipates!
You hear a shout! x3
You closely miss the steam dragon.
The steam dragon is heavily wounded.
You are engulfed in a cloud of scalding steam.
The steam dragon bites you!
Your blood congeals into armour.
The steam dragon claws you but does no damage.
You sock the steam dragon! You burn the steam dragon.
The steam dragon is almost dead.
You are engulfed in a cloud of scalding steam.
The steam dragon bites you but does no damage.
The steam dragon claws you but does no damage.
You barely miss the steam dragon.
The steam dragon is almost dead.
You are engulfed in a cloud of scalding steam.
The steam dragon bites you. The steam dragon claws you.
The steam dragon bites you.
The steam dragon claws you but does no damage.
You hit the orc. You burn the orc.
You kill the orc!
Trog accepts your kill.
You are engulfed in a cloud of scalding steam.
The steam dragon bites you but does no damage.
The steam dragon claws you but does no damage.
You barely miss the steam dragon. Your punch misses the steam dragon.
The steam dragon is almost dead.
The steam dragon breathes steam at you. The ball of steam hits you!
* * * LOW HITPOINT WARNING * * *
You hear a shout!
You bludgeon the steam dragon!! You burn the steam dragon.
You kill the steam dragon!
Trog accepts your kill.
You are engulfed in a cloud of scalding steam.
* * * LOW HITPOINT WARNING * * *
An orc priest comes into view. It is wielding a +0 flail.
The orc priest calls down the wrath of Beogh upon you.
Beogh smites you!
You die...

... ... ... ..o #
######### #.# ##
#.......### #.# .##
#.........##..# ..#
#..........@.# ..##
#......§§§).#
...####.....§.§....#
.................###
....####....§§§###
....## #...§.#..#
.....# ########.#
.....# ..# .....##
....


You could see an orc priest.

Vanquished Creatures
  Menkaure (D:4)
  A steam dragon (D:6)
  A sky beast (D:6)
  A kobold brigand (D:6)
  4 scorpions
  3 wights (D:4)
  A water moccasin zombie (D:4)
  2 hounds
  A human zombie (D:4)
  2 orc priests (D:5)
  A sleepcap (D:5)
  Terence (D:2)
  A gnoll bouda (D:5)
  6 iguanas
  2 orc wizards
  3 hound zombies (D:4)
  A mummy (D:4)
  4 gnolls (D:5)
  9 adders
  2 adder zombies (D:4)
  5 dart slugs
  17 orcs
  2 ball pythons
  3 bats (D:1)
  3 endoplasms
  2 giant cockroaches
  9 goblins
  7 hobgoblins
  A quokka (D:4)
  12 frilled lizards
  A jackal zombie (D:4)
  15 kobolds
  6 rats
130 creatures vanquished.

Vanquished Creatures (others)
  4 plants (D:1)
4 creatures vanquished.

Grand Total: 134 creatures vanquished

Notes
Turn   | Place    | Note
-------+----------+-------------------------------------------
     0 | D:1      | dracfodder the Demonspawn Berserker began the quest for the
                  | Orb.
     0 | D:1      | Reached XP level 1. HP: 18/18 MP: 1/1
   138 | D:1      | Gained mutation: You have a pair of small horns on your
                  | head. [demonic ancestry]
   138 | D:1      | Reached XP level 2. HP: 21/24 MP: 2/2
   522 | D:1      | Found Vovokiar's Weapon Emporium.
   548 | D:1      | Found Ivvom's Weapon Shoppe.
   799 | D:2      | Noticed Terence
   811 | D:1      | Gained mutation: You sometimes gain a little power by
                  | taking damage. [demonic ancestry]
   811 | D:1      | Reached XP level 3. HP: 23/29 MP: 3/3
   841 | D:2      | Killed Terence
  1072 | D:2      | Gained mutation: You have a pair of horns on your head.
                  | [demonic ancestry]
  1072 | D:2      | Reached XP level 4. HP: 35/35 MP: 4/4
  1104 | D:2      | Reached ** piety under Trog
  1361 | D:2      | Identified the +9 flail of World's End {flame, rC+}
  1507 | D:3      | You fall into a shaft and drop 2 floors!
  1507 | D:5      | Entered Level 5 of the Dungeon
  1519 | D:5      | Noticed bchevrier's ghost (novice GnWn)
  1520 | D:5      | Found a transporter.
  1537 | D:5      | Found a transporter.
  1609 | D:5      | Gained mutation: You have a pair of large horns on your
                  | head. [demonic ancestry]
  1609 | D:5      | Reached XP level 5. HP: 32/41 MP: 5/5
  1616 | D:5      | Reached skill level 1 in Maces & Flails
  2092 | D:3      | Gained mutation: When seriously injured, your blood forms
                  | armour. (AC +6) [demonic ancestry]
  2092 | D:3      | Reached XP level 6. HP: 48/48 MP: 6/6
  2286 | D:3      | Found a faded altar of an unknown god.
  2363 | D:3      | Found a shimmering blue altar of Sif Muna.
  2428 | D:3      | Reached *** piety under Trog
  2850 | D:4      | Found a staircase to the Ecumenical Temple.
  2868 | D:4      | Reached skill level 2 in Maces & Flails
  2931 | D:4      | Noticed Menkaure
  2939 | D:4      | Killed Menkaure
  2940 | D:4      | Reached skill level 3 in Maces & Flails
  2940 | D:4      | Gained mutation: A meltable shield of frost defends you.
                  | (SH +0) [demonic ancestry]
  2940 | D:4      | Reached XP level 7. HP: 17/54 MP: 7/7
  3201 | D:4      | Reached skill level 4 in Maces & Flails
  3277 | D:4      | Found an ancient bone altar of Kikubaaqudgha.
  3609 | D:4      | Found a stormy altar of Qazlal.
  3730 | D:5      | Found a blossoming altar of Fedhas.
  3739 | D:5      | Reached skill level 5 in Maces & Flails
  3869 | D:5      | Reached XP level 8. HP: 43/60 MP: 8/8
  4032 | D:5      | Found a hide-covered altar of Uskayaw.
  4369 | D:6      | Reached **** piety under Trog
  4381 | D:6      | Reached skill level 6 in Maces & Flails
  4386 | D:6      | Reached skill level 1 in Shields
  4518 | D:6      | Killed from afar by an orc priest

Illustrated notes

Levels and vault maps discovered:
D:1:      psy_arrival_basics, layout_loops_ring, serial_shops,
          nicolae_shop_stone, nicolae_shop_getting_attention,
          corexii_corridor_pit, minmay_lizard_king
D:2:      layout_rooms, uniq_terence
D:3:      layout_basic, lemuel_blue_sif_altar, basic_ecumenical_altar
D:4:      layout_basic, nicolae_qazlal_eye_of_the_storm,
          lemuel_mausoleum_altar_kikubaaqudgha,
          minmay_temple_entry_from_below_a, uniq_menkaure
D:5:      layout_basic, mainiacjoe_overflow_six_doors_small, old_standard_altar,
          gammafunk_ghost_arena
D:6:      layout_cave_pods, nicolae_ashenzari_skybound,
          gammafunk_temple_overflow_claw, minmay_misc_feat_rows

Skill      XL: |  1  2  3  4  5  6  7  8 |
---------------+-------------------------+-----
Long Blades    | 3 4 |  4.8
Dodging        | 2 |  2.3
Armour         | 2 3 4 |  4.7
Maces & Flails | 1 3 5 6 |  6.5
Fighting       | 4 |  4.7
Shields        | 1 |  1.1
Ranged Weapons | |  0.2
Stealth        | |  0.6
Evocations     | |  0.1

Action                     |  1- 3 |  4- 6 |  7- 9 || total
---------------------------+-------+-------+-------++-------
  Melee: Falchion          |    82 |    26 |       ||   108
         Headbutt          |     8 |    15 |     8 ||    31
         Punch             |     1 |     2 |     1 ||     4
         Flail             |       |    90 |    87 ||   177
   Fire: Sling             |     3 |       |       ||     3
 Invoke: Berserk           |     2 |     1 |       ||     3
  Evoke: Wand              |       |       |     3 ||     3
    Use: Scroll            |     9 |     4 |     2 ||    15
         Potion            |       |     2 |       ||     2
 Armour: Chain mail        |    68 |    50 |    37 ||   155
  Dodge: Dodged            |    46 |    48 |    21 ||   115
  Block: Other             |       |       |    16 ||    16

Table legend: (Time is in decaauts)
 A = Elapsed time spent in this place.
 B = Non-inter-level travel time spent in this place.
 C = Inter-level travel time spent in this place.
 D = Time resting spent in this place.
 E = Time spent auto-exploring this place.
 F = Levels seen in this place.
 G = Mean time per level.
                   A        B        C        D        E       F      G
               +--------+--------+--------+--------+--------+-----+--------+
         Total |   4610 |   4473 |    137 |    631 |   2961 |   6 |  768.3 |
       Dungeon |   4610 |   4473 |    137 |    631 |   2961 |   6 |  768.3 |
               +--------+--------+--------+--------+--------+-----+--------+

Top non-repeatable levels by time:
     D:4: 1105 daAuts
     D:5: 984 daAuts
     D:1: 981 daAuts
     D:3: 771 daAuts
     D:2: 552 daAuts
     D:6: 214 daAuts
